 Dungeon Crawl Stone Soup version 0.20.0-10-g0535bb4 (webtiles) character file.

155 Dfrag the Firebug (level 5, -4/35 HPs)
             Began as a Demonspawn Fire Elementalist on June 6, 2017.
             Slain by Grinder (10 damage)
             ... while paralysed by Grinder
             ... on level 3 of the Dungeon.
             The game lasted 00:04:27 (1782 turns).

Dfrag the Firebug (Demonspawn Fire Elementalist)    Turns: 1782, Time: 00:04:28

Health: -4/35      AC:  6    Str:  8    XL:     5   Next: 14%
Magic:  3/16       EV:  2    Int: 17    God:
Gold:   56         SH:  0    Dex: 19    Spells: 9/10 levels left

rFire    . . .     SeeInvis .   k - -1 dagger (curse)
rCold    . . .     Gourm    .   (no shield)
rNeg     . . .     Faith    .   a - +0 robe
rPois    .         Spirit   .   (helmet restricted)
rElec    .         Reflect  .   (no cloak)
rCorr    .         Harm     .   (no gloves)
MR       .....                  d - +1 pair of boots
Stlth    +++.......             (no amulet)
Regen    0.6/turn               u - ring of magical power
MPRegen  0.2/turn               (no ring)

@: paralysed, agile, very slightly contaminated
A: antennae 1, yellow scales 1, low mp 2, regeneration 1
a: no special abilities


You were on level 3 of the Dungeon.
You were very hungry.

You visited 1 branch of the dungeon, and saw 3 of its levels.

You collected 56 gold pieces.

Inventory:

Hand Weapons
 k - a cursed -1 dagger (weapon)
 m - a +0 dagger
Armour
 a - a +0 robe (worn)
 d - a +1 pair of boots (worn)
Magical Staves
 s - an uncursed staff of earth
Jewellery
 u - a ring of magical power (left hand)
 v - an uncursed amulet of guardian spirit
Scrolls
 f - a scroll of random uselessness {unknown}
 h - 2 scrolls of identify {unknown}
 l - 3 scrolls of blinking {unknown}
 n - a scroll of remove curse {unknown}
 o - a scroll of amnesia {unknown}
 t - a scroll of recharging {unknown}
Potions
 e - a potion of mutation
 g - a potion of lignification
 i - 3 potions of agility
 r - 2 potions of curing {unknown}
Books
 b - a book of Flames

   Spells                             Type                      Level
   a - Flame Tongue                   Conjuration/Fire             1
   b - Throw Flame                    Conjuration/Fire             2
   c - Conjure Flame                  Conjuration/Fire             3
   d - Inner Flame                    Hexes/Fire                   3
   e - Sticky Flame                   Conjuration/Fire             4
   f - Fireball                       Conjuration/Fire             5
Comestibles
 c - a bread ration
 j - 2 meat rations
 p - a fruit
 q - 2 royal jellies


   Skills:
 - Level 1.7 Dodging
 - Level 1.7 Stealth
 + Level 3.1 Spellcasting
 + Level 3.0 Conjurations
 + Level 3.7 Fire Magic


You had 9 spell levels left.
You knew the following spells:

 Your Spells              Type           Power        Failure   Level  Hunger
a - Flame Tongue          Conj/Fire      ##...        4%          1    None


Dungeon Overview and Level Annotations

Branches:
Dungeon (3/15)

Altars:
Ashenzari
Sif Muna

Annotations:
D:3 Grinder


Innate Abilities, Weirdness & Mutations

You are partially covered in yellow scales. (AC +2)
You have a pair of small antennae on your head.
Your magical capacity is very low. (-20% MP)
Your natural rate of healing is unusually fast.


Message History

Casting: Flame Tongue
Confirm with . or Enter, or press ? or * to list all spells.
You can't see any susceptible monsters within range! (Use Z to cast anyway.) Unknown command.
Grinder gestures at you. Pain shoots through your body!
* * * LOW HITPOINT WARNING * * *
You see here an enchanted dagger.
You are too injured to fight recklessly!
It was a potion of agility.
You feel agile all of a sudden. Grinder closely misses you.
k - an enchanted dagger Grinder blinks!
It sticks to your hand!
k - a cursed -1 dagger (weapon)
Grinder gestures at you.
You suddenly lose the ability to move!
Grinder hits you!
You die...

#.# #.# #.#
#.# #.# # #.#
## ## #. #)#
#.# #.#
#.#####.#
#5###..
.....##.#
#@#†#
#......># ##.#
####.#### #.#
#...# #.#
###.# #.#
#.##########.#
#............#
##############


You could see Grinder.

Vanquished Creatures
  2 orc wizards (D:3)
  A worker ant (D:3)
  3 adders
  A dart slug (D:1)
  A leopard gecko (D:2)
  2 giant cockroaches
  8 goblins
  5 hobgoblins
  4 kobolds
  2 quokkas
  8 bats
  A frilled lizard (D:2)
  5 rats
43 creatures vanquished.

Notes
Turn   | Place    | Note
-------+----------+-------------------------------------------
     0 | D:1      | Dfrag the Demonspawn Fire Elementalist began the quest for the Orb.
     0 | D:1      | Reached XP level 1. HP: 13/13 MP: 3/3
   391 | D:1      | Gained mutation: You are partially covered in yellow scales. (AC +2) [demonic ancestry]
   391 | D:1      | Reached XP level 2. HP: 19/19 MP: 5/5
   931 | D:2      | Reached XP level 3. HP: 21/24 MP: 4/6
  1059 | D:2      | Found a shattered altar of Ashenzari.
  1416 | D:3      | Reached XP level 4. HP: 21/30 MP: 8/8
  1419 | D:3      | Found a deep blue altar of Sif Muna.
  1519 | D:3      | Reached XP level 5. HP: 25/35 MP: 4/9
  1714 | D:3      | Noticed Grinder
  1731 | D:3      | Paralysed by Grinder for 5 turns
  1751 | D:3      | Paralysed by Grinder for 4 turns
  1756 | D:3      | Paralysed by Grinder for 5 turns
  1761 | D:3      | Gained mutation: Your natural rate of healing is unusually fast. [potion of mutation]
  1761 | D:3      | Gained mutation: Your magical capacity is low. (-10% MP) [potion of mutation]
  1761 | D:3      | Gained mutation: Your magical capacity is very low. (-20% MP) [potion of mutation]
  1761 | D:3      | Gained mutation: You have a pair of small antennae on your head. [potion of mutation]
  1780 | D:3      | Paralysed by Grinder for 3 turns
  1782 | D:3      | Slain by Grinder

Skill      XL: |  1  2  3  4 |
---------------+-------------+-----
Fire Magic     | 3 |  3.7
Conjurations   | 2 3 |  3.0
Spellcasting   | 3 |  3.1
Dodging        | |  1.7
Stealth        | |  1.7

Action                   |  1- 3 |  4- 6 || total
-------------------------+-------+-------++-------
Melee: Dagger            |    67 |    42 ||   109
 Cast: Flame Tongue      |    35 |    44 ||    79
  Use: Potion            |       |     4 ||     4
 Stab: Sleeping          |     5 |     4 ||     9
  Eat: Chunk             |     1 |     1 ||     2
Armor: Robe              |    35 |    10 ||    45
       Skin              |       |    12 ||    12
Dodge: Dodged            |    55 |    33 ||    88
